 Dungeon Sprint DCSS version 0.29-a0-384-g6960b1960d (webtiles) character file.

Game seed: 13554323608072722304

19338 mhtbhm the Bludgeoner (level 12, -13/214 HPs)
             Began as a Troll Berserker on May 7, 2022.
             Was a High Priest of Trog.
             Mangled by Mabat the pandemonium lord (31 damage)
             ... in the Dungeon (Sprint VII: "The Pits").
             The game lasted 00:06:47 (2633 turns).

mhtbhm the Bludgeoner (Troll Berserker)             Turns: 2633, Time: 00:06:48

Health: -13/214    AC: 12    Str: 32    XL:     12   Next: 35%
Magic:  11/11      EV: 13    Int:  3    God:    Trog [*****.]
Gold:   91         SH:  0    Dex:  9    Spells: 11/11 levels left

rFire   + . .      SeeInvis .   a - +7 great mace (flame)
rCold   . . .      Faith    .   (shield currently unavailable)
rNeg    . . .      Spirit   .   b - +2 acid dragon scales
rPois   +          Reflect  .   (helmet restricted)
rElec   .          Harm     .   m - +0 cloak
rCorr   +          Rampage  .   (gloves unavailable)
Will    +....      NoTele   +   (boots unavailable)
Stlth   ..........              (no amulet)
HPRegen 1.25/turn               u - ring of poison resistance
MPRegen 0.12/turn               v - ring "Cibi" {rF+ Will+}

@: berserking (expiring), lethally poisoned (-13 -> -16), hasted, very quick
A: large, unfitting armour, claws 3, regeneration 1, shaggy fur 1, tough skin 1
a: Renounce Religion, Berserk, Trog's Hand, Brothers in Arms


You were in the Dungeon.
You worshipped Trog.
Trog was extremely pleased with you.
You visited 1 branch You collected 91 gold pieces.

Inventory:

Hand Weapons
 a - a +7 great mace of flaming (weapon)
Armour
 b - +2 acid dragon scales (worn)
 m - a +0 cloak (worn)
 n - a scarf of harm
Jewellery
 h - a ring of fire
 j - a ring of see invisible
 k - a +3 ring of evasion
 l - a +3 ring of dexterity
 r - a +4 ring of protection
 u - a ring of poison resistance (left claw)
 v - the ring "Cibi" (right claw) {rF+ Will+}
   (You found it in the Dungeon)

   [ring of protection from fire]

   rF:        It protects you from fire.
   Will:      It increases your willpower.
Scrolls
 o - 2 scrolls of fear
 p - a scroll of identify
 q - 2 scrolls of enchant weapon
 s - a scroll of fog
 t - 4 scrolls of enchant armour
Potions
 c - 10 potions of curing
 d - 12 potions of heal wounds
 e - a potion of haste
 f - 4 potions of magic
 g - 4 potions of berserk rage
 i - 2 potions of invisibility
 w - 2 potions of mutation
 x - 2 potions of resistance


   Skills:
 + Level 15.4 Fighting
 + Level 19.6 Maces & Flails
 + Level 3.4 Armour
 + Level 13.2 Dodging
 + Level 2.9 Stealth


You had 11 spell levels left.
You didn't know any spells.
Your spell library was empty.

Dungeon Overview and Level Annotations

Branches:
Dungeon (1/1)

Altars:
Cheibriados
Dithmenos
Elyvilon
Fedhas
Gozag
Hepliaklqana
Makhleb
Nemelex Xobeh
Okawaru
Qazlal
Ru
Sif Muna
Trog
Wu Jian
Xom
Yredelemnul
Zin
The Shining One
Jiyva


Innate Abilities, Weirdness & Mutations

You are too large for most types of armour.
You have claws for hands.
Your natural rate of healing is unusually fast.
You are covered in fur. (AC +1)
You have tough skin. (AC +1)


Message History

You barely miss Mabat.
Mabat is heavily wounded.
You feel very sick.
Mabat sneers, "Thy inner light shall be my breakfast!"
Mabat hits you!
You are caught in a web!
Mabat hits you!
The web tears apart.
You feel very sick. Mabat hits you!!
You closely miss Mabat.
Mabat is heavily wounded.
You feel very sick.
Mabat gestures.
You closely miss Mabat.
Mabat is heavily wounded.
You feel very sick. Mabat hits you!!
* * * LOW HITPOINT WARNING * * *
You are caught in a web!
Unknown command.
The web tears apart.
You feel very sick. Mabat misses you. Mabat hits you!
* * * LOW HITPOINT WARNING * * *
The ynoxinul hits you but does no damage.
You hit Mabat.
Mabat is heavily wounded.
You feel sick. Mabat misses you.
You miss Mabat.
Mabat is heavily wounded.
You feel sick. Mabat hits you!
* * * LOW HITPOINT WARNING * * *
The ynoxinul gestures.
Press: ? - help, v - describe, . - travel
Here: Mabat (heavily wounded, fast)
An open door.
Unknown command.
You bludgeon Mabat!! You burn Mabat.
Mabat is almost dead.
You feel sick. Mabat hits you!!
You die...

#+# #.# #&# #@#
#3# #5# #5#
################)#
....†............#
....†............#
+##############..#
#..#


You could see Mabat (fast), a ynoxinul (summoned) and 2 ufetubi.

Vanquished Creatures
  A pandemonium lord (D)
  A slime creature (D)
  An alligator snapping turtle (D)
  A two-headed ogre (D)
  An iron troll (D)
  A sixfirhy (D)
  A flayed ghost (D)
  A death drake (D)
  A phantasmal warrior (D)
  3 deep elf pyromancers (D)
  A deep elf zephyrmancer (D)
  3 manticores (D)
  An elephant (D)
  A naga mage (D)
  A molten gargoyle (D)
  An orange demon (D)
  2 rime drakes (D)
  A red devil (D)
  Grinder (D)
  A tyrant leech (D)
  A wind drake (D)
  A dream sheep (D)
  A jumping spider (D)
  A wraith (D)
  A shadow (D)
  A ynoxinul (D)
  A wyvern (D)
  A steam dragon (D)
  A warg (D)
  A water moccasin (D)
  An ice beast (D)
  2 sky beasts (D)
  A phantom (D)
  A gnoll sergeant (D)
  2 scorpions (D)
  A necrophage (D)
  5 wights (D)
  6 killer bees (D)
  A hound (D)
  A small abomination (D)
  Jessica (D)
  An orc wizard (D)
  10 gnolls (D)
  2 orcs (D)
  A bat skeleton (D)
  An endoplasm (D)
  A giant cockroach (D)
  4 jackals (D)
  4 quokkas (D)
  A bat (D)
  A jackal simulacrum (D)
  2 kobolds (D)
85 creatures vanquished.

Vanquished Creatures (collateral kills)
  A fire giant (D)
  A frost giant (D)
  A stone giant (D)
  A minotaur (D)
  A manticore (D)
  A gargoyle (D)
  A red devil (D)
  3 dream sheep (D)
  An air elemental (D)
  A wraith (D)
  A shadow (D)
  A chaos spawn (D)
  2 nagas (D)
  A sky beast (D)
  An ogre (D)
  A gnoll sergeant (D)
  3 killer bees (D)
  A crimson imp (D)
  A hell rat (D)
24 creatures vanquished.

Grand Total: 109 creatures vanquished

Notes
Turn   | Place    | Note
-------+----------+-------------------------------------------
     0 | D        | mhtbhm the Troll Berserker began the quest for the Orb.
     0 | D        | Reached XP level 1. HP: 22/22 MP: 0/0
    54 | D        | Reached skill level 3 in Maces & Flails
    56 | D        | Reached ** piety under Trog
    77 | D        | Noticed a scorpion
    77 | D        | Noticed a scorpion
    85 | D        | Killed a scorpion
    86 | D        | Reached skill level 4 in Maces & Flails
    86 | D        | Reached XP level 2. HP: 32/32 MP: 1/1
    86 | D        | Reached XP level 3. HP: 39/39 MP: 2/2
    87 | D        | Killed a scorpion
    87 | D        | Reached *** piety under Trog
    88 | D        | Reached skill level 5 in Fighting
    88 | D        | Reached skill level 5 in Maces & Flails
    88 | D        | Reached skill level 5 in Dodging
    88 | D        | Reached XP level 4. HP: 50/50 MP: 3/3
   146 | D        | Found a bloodstained altar of Trog.
   146 | D        | Found a shimmering blue altar of Sif Muna.
   146 | D        | Found a viscous altar of Jiyva.
   146 | D        | Found a hazy altar of Hepliaklqana.
   146 | D        | Found an opulent altar of Gozag.
   168 | D        | Noticed a necrophage
   169 | D        | Noticed a warg
   176 | D        | Reached skill level 6 in Maces & Flails
   176 | D        | Reached XP level 5. HP: 57/57 MP: 4/4
   179 | D        | Reached **** piety under Trog
   185 | D        | Reached skill level 7 in Maces & Flails
   189 | D        | Killed a warg
   190 | D        | Reached skill level 8 in Maces & Flails
   190 | D        | Reached XP level 6. HP: 68/68 MP: 5/5
   194 | D        | Reached ***** piety under Trog
   198 | D        | Reached skill level 9 in Maces & Flails
   201 | D        | Reached XP level 7. HP: 65/78 MP: 6/6
   220 | D        | Reached skill level 10 in Maces & Flails
   269 | D        | Reached ****** piety under Trog
   272 | D        | Noticed a deep elf zephyrmancer
   282 | D        | Killed a deep elf zephyrmancer
   282 | D        | Received a gift from Trog
   283 | D        | Reached skill level 11 in Maces & Flails
   283 | D        | Reached XP level 8. HP: 38/89 MP: 7/7
   372 | D        | Noticed Jessica
   372 | D        | Noticed a phantasmal warrior
   372 | D        | Noticed a manticore
   383 | D        | Killed a phantasmal warrior
   383 | D        | Received a gift from Trog
   384 | D        | Reached skill level 12 in Maces & Flails
   386 | D        | Killed a manticore
   387 | D        | Reached skill level 10 in Fighting
   387 | D        | Reached XP level 9. HP: 16/101 MP: 8/8
   387 | D        | Killed Jessica
   388 | D        | Reached skill level 13 in Maces & Flails
   504 | D        | Found a glowing golden altar of the Shining One.
   504 | D        | Found a glowing silver altar of Zin.
   504 | D        | Found a basalt altar of Yredelemnul.
   504 | D        | Found a shimmering altar of Xom.
   504 | D        | Found an ornate altar of the Wu Jian Council.
   504 | D        | Found a sacrificial altar of Ru.
   504 | D        | Found a stormy altar of Qazlal.
   504 | D        | Found an iron altar of Okawaru.
   504 | D        | Found a sparkling altar of Nemelex Xobeh.
   504 | D        | Found a burning altar of Makhleb.
   504 | D        | Found a blossoming altar of Fedhas.
   504 | D        | Found a white marble altar of Elyvilon.
   504 | D        | Found a shadowy altar of Dithmenos.
   504 | D        | Found a snail-covered altar of Cheibriados.
   528 | D        | Noticed a deep elf pyromancer
   530 | D        | Noticed a rime drake
   540 | D        | Killed a rime drake
   546 | D        | Killed a deep elf pyromancer
   621 | D        | Noticed a tyrant leech
   638 | D        | Killed a tyrant leech
   639 | D        | Reached skill level 14 in Maces & Flails
   641 | D        | Received a gift from Trog
   706 | D        | Noticed a manticore
   717 | D        | Killed a manticore
   735 | D        | HP: 3/105 [gnoll sergeant/+0 trident (12)]
   833 | D        | Noticed an elephant
   840 | D        | Killed an elephant
   840 | D        | Identified the +8 war axe "Deom" {flame, *Noise rC+++}
                  | (Trog gifted it to you in the Dungeon)
   840 | D        | Received a gift from Trog
   841 | D        | Reached skill level 10 in Dodging
   841 | D        | Reached skill level 1 in Stealth
   841 | D        | Reached XP level 10. HP: 84/115 MP: 9/9
   841 | D        | Noticed a deep elf pyromancer
   848 | D        | Noticed a deep elf pyromancer
   849 | D        | Noticed Grinder
   861 | D        | Killed a deep elf pyromancer
   862 | D        | Reached skill level 15 in Maces & Flails
   871 | D        | Killed a deep elf pyromancer
   871 | D        | Received a gift from Trog
   874 | D        | Killed Grinder
  1120 | D        | Killed an enormous slime creature
  1254 | D        | Received a gift from Trog
  1325 | D        | Noticed a two-headed ogre
  1331 | D        | Killed a two-headed ogre
  1332 | D        | Reached skill level 16 in Maces & Flails
  1430 | D        | Noticed a molten gargoyle
  1434 | D        | Received a gift from Trog
  1437 | D        | Killed a molten gargoyle
  1438 | D        | Reached XP level 11. HP: 106/127 MP: 3/10
  1525 | D        | Received a gift from Trog
  1527 | D        | Paralysed by an air elemental for 1 turns
  1537 | D        | Reached skill level 17 in Maces & Flails
  1539 | D        | Received a gift from Trog
  1765 | D        | Got the ring "Cibi" {rF+ Will+}
  1882 | D        | Noticed a frost giant
  1882 | D        | Noticed a minotaur
  1882 | D        | Noticed a fire giant
  1882 | D        | Noticed a stone giant
  1889 | D        | Killed a minotaur
  1904 | D        | Killed a fire giant
  1905 | D        | HP: 4/130 [frost giant/bolt of cold (16)]
  1906 | D        | Killed a stone giant
  1906 | D        | Killed a frost giant
  1906 | D        | Received a gift from Trog
  1907 | D        | Reached skill level 18 in Maces & Flails
  2186 | D        | Received a gift from Trog
  2214 | D        | Noticed an iron troll
  2225 | D        | Killed an iron troll
  2226 | D        | Reached XP level 12. HP: 61/140 MP: 11/11
  2227 | D        | Reached skill level 1 in Armour
  2332 | D        | Reached skill level 19 in Maces & Flails
  2339 | D        | Reached skill level 15 in Fighting
  2393 | D        | Noticed an alligator snapping turtle
  2403 | D        | Killed an alligator snapping turtle
  2486 | D        | Noticed Cifoinga the pandemonium lord
  2496 | D        | Killed Cifoinga the pandemonium lord
  2496 | D        | Received a gift from Trog
  2617 | D        | Noticed Mabat the pandemonium lord
  2633 | D        | Mangled by Mabat the pandemonium lord

Illustrated notes

Levels and vault maps discovered:
D:        pitsprint [storerooms_1, entrance_room_1, metal_vault_1, armoury_1,
          mini_pit_1, grid_room_1, main_hall_1, silver_pit, the_coven_1,
          the_vestibule_1, steel_vault_4, golden_pit, hallway_of_sentries,
          crystal_vault_6, iron_vault_1, final_vault]

Skill      XL: |  1  2  3  4  5  6  7  8  9 10 11 12 |
---------------+-------------------------------------+-----
Maces & Flails | 4 5 6 8 9 11 12 14 16 18 19 | 19.6
Fighting       | 4 5 6 7 8 10 11 13 14 15 | 15.4
Dodging        | 4 5 6 7 8 9 10 11 12 13 | 13.2
Stealth        | 1 2 |  2.9
Armour         | 3 |  3.4

Action                   |  1- 3 |  4- 6 |  7- 9 | 10-12 || total
-------------------------+-------+-------+-------+-------++-------
Melee: Mace              |    25 |     2 |       |       ||    27
       Flail             |       |    22 |    49 |       ||    71
       Punch             |       |       |     1 |     3 ||     4
       Morningstar       |       |       |    62 |    73 ||   135
       Great mace        |       |       |       |   116 ||   116
Invok: Berserk           |     1 |     1 |     3 |    14 ||    19
       Brothers in Arms  |       |       |     1 |     5 ||     6
       Trog's Hand       |       |       |       |     1 ||     1
  Use: Scroll            |       |       |     2 |     1 ||     3
       Potion            |       |       |     1 |     6 ||     7
 Stab: Sleeping          |     1 |       |       |       ||     1
Armor: Animal skin       |    14 |     2 |     7 |       ||    23
       Robe              |       |       |    17 |    17 ||    34
       Acid dragon scale |       |       |       |    14 ||    14
Dodge: Dodged            |    17 |     8 |    62 |   102 ||   189

Table legend: (Time is in decaauts)
 A = Elapsed time spent in this place.
 B = Non-inter-level travel time spent in this place.
 C = Inter-level travel time spent in this place.
 D = Time resting spent in this place.
 E = Time spent auto-exploring this place.
 F = Levels seen in this place.
 G = Mean time per level.
                   A        B        C        D        E       F      G
               +--------+--------+--------+--------+--------+-----+--------+
         Total |   2722 |   2722 |      0 |   1477 |     59 |   1 | 2722.0 |
       Dungeon |   2722 |   2722 |      0 |   1477 |     59 |   1 | 2722.0 |
               +--------+--------+--------+--------+--------+-----+--------+

Top non-repeatable levels by time:
       D: 2722 daAuts
